Get step-by-step instructions on how to execute this build order below. Start the game timer, and the build order will tick by so you can play in parallel with StarCraft on a second screen or mobile device.

Game Time

  0:00

Last Step

  N/A

Next Step

  12  0:01  Drone  

Upcoming Step

  13  0:12  Overlord  

Don't want to look back and forth between 2 screens? Try out our Overwolf App, the Spawning Tool Build Advisor to get an in-game overlay with this build!

Complete Build Order

  12  0:01  Drone  
  13  0:12  Overlord  
  13  0:17  Drone  
  14  0:30  Drone x2  
  16  0:48  Hatchery  
  15  0:52  Drone  
  15  0:56  Drone  
  17  1:01  Drone  
  18  1:07  Extractor  
  17  1:16  Spawning Pool  
  16  1:20  Drone  
  17  1:25  Drone  
  17  1:28  Drone  
  19  1:39  Drone  
  20  1:50  Overlord  
  20  2:03  Queen x2  
  20  2:04  Zergling x4  
  26  2:12  Drone x2  
  28  2:17  Metabolic Boost  
  28  2:29  Drone x2  
  30  2:40  Hatchery  
  29  2:48  Drone x3  
  33  2:58  Zergling x6  
  33  3:05  Overlord  
  35  3:14  Overlord  
  35  3:23  Queen  
  36  3:29  Drone x5  
  36  3:30  Queen  
  43  3:36  Overlord  
  43  3:38  Drone  
  44  3:42  Overlord  
  44  3:43  Drone x2  
  46  3:51  Drone x4  
  46  3:54  Drone x2  
  51  3:57  Drone  
  52  4:03  Spore Crawler x2  
  52  4:04  Drone  
  52  4:07  Drone  
  52  4:08  Spore Crawler  
  52  4:10  Drone  
  52  4:15  Drone  
  52  4:16  Drone  
  51  4:19  Drone  
  51  4:25  Overlord  
  51  4:28  Drone x3  
  51  4:29  Drone  
  55  4:31  Drone  
  55  4:34  Drone x3  
  55  4:38  Zergling x2  
  60  4:39  Overlord  
  60  4:40  Drone  
  61  4:47  Drone  
  61  4:49  Queen  
  64  4:57  Overlord  
  64  4:58  Lair  
  62  5:01  Extractor, Drone x3, Evolution Chamber  
  62  5:02  Roach Warren  
  62  5:03  Drone  
  62  5:05  Zergling x4  
  65  5:09  Drone x3  
  65  5:11  Drone x2  
  70  5:14  Overlord  
  70  5:18  Drone, Overlord  
  70  5:19  Drone  
  72  5:22  Drone  
  72  5:29  Zerg Missile Weapons Level 1  
  72  5:32  Drone x5  
  72  5:34  Drone  
  72  5:35  Extractor  
  77  5:36  Extractor  
  76  5:42  Overlord  
  76  5:44  Drone  
  76  5:45  Drone, Hatchery  
  76  5:48  Queen  
  79  5:52  Overlord  
  79  5:55  Overlord  
  79  5:56  Extractor, Glial Reconstitution  
  78  5:57  Extractor  
  78  6:00  Drone  
  78  6:02  Drone x2, Infestation Pit  
  78  6:03  Drone x2  
  81  6:08  Roach  
  81  6:09  Roach x3  
  88  6:21  Queen  
  88  6:23  Roach x6  
  96  6:34  Queen x2  
  96  6:36  Drone  
  101  6:41  Overseer  
  101  6:43  Roach  
  101  6:44  Roach x8  
  101  6:46  Overlord  
  119  6:47  Ravager  
  120  6:57  Queen  
  120  6:58  Overseer  
  122  7:01  Drone  
  122  7:04  Spore Crawler  
  122  7:06  Overlord  
  122  7:12  Queen  
  122  7:13  Queen  
  122  7:16  Queen  
  124  7:24  Roach x3  
  124  7:25  Roach x3  
  124  7:26  Roach x4  
  124  7:28  Overlord  
  144  7:32  Queen  
  144  7:34  Roach x3  
  152  7:39  Overlord x2  
  152  7:40  Overlord  
  151  7:55  Ravager x8  
  159  8:00  Overlord  
  159  8:01  Roach x9  
  159  8:02  Zergling x2  
  178  8:13  Roach x2  
  178  8:14  Overlord, Roach  
  179  8:24  Roach  
  179  8:25  Roach x8  
  186  8:29  Roach x2  
  187  8:35  Roach  
  185  8:48  Ravager  
  185  8:49  Ravager  
  185  8:54  Roach x7  
  181  9:03  Roach x4  
  181  9:04  Roach x2  
  180  9:13  Roach x6  
  158  9:24  Roach x2  
  158  9:25  Roach x9  
  158  9:29  Roach x2  
  174  9:36  Roach x3  
  174  9:38  Extractor, Zerg Missile Weapons Level 2  
  179  9:46  Roach x5  
  179  9:47  Overlord x2  
  189  9:58  Overlord x2  
  187  10:08  Ravager  
  187  10:13  Ravager x2  
  187  10:14  Ravager x4  
  194  10:15  Zergling x12  
  192  10:38  Baneling Nest  
  171  10:43  Roach x14  
  198  11:05  Hatchery  
  198  11:08  Overlord  
  197  11:11  Hatchery  
  197  11:12  Overlord  
  196  11:19  Evolution Chamber  
  196  11:23  Overlord  
  191  11:27  Roach x2  
  191  11:28  Roach x2  
  191  11:29  Centrifical Hooks  
  195  11:41  Roach x4  
  198  11:54  Zerg Melee Weapons Level 1  
  198  11:56  Zerg Ground Armor Level 1  
  198  11:59  Drone x6  
  200  12:22  Spine Crawler, Overlord  
  199  12:23  Spine Crawler  
  199  12:24  Queen  
  186  12:53  Zergling x18  
  187  13:05  Zergling x36  
  199  13:09  Spire  
  199  13:12  Spine Crawler  
  197  13:13  Extractor, Spine Crawler  
  197  13:16  Drone x4  
  191  13:29  Zergling x6  
  191  13:30  Zergling x10  
  179  13:36  Roach  
  179  13:37  Roach x5  
  158  13:47  Overseer x2  
  158  13:48  Zergling x22  
  160  14:00  Drone x9  
  158  14:10  Ravager x2  
  158  14:14  Hatchery  
  158  14:15  Baneling x13  
  157  14:23  Ravager  
  158  14:25  Ravager x2  
  158  14:26  Ravager x10  
  158  14:27  Ravager  
  158  14:28  Ravager x2  
  158  14:29  Ravager x2  
  175  14:34  Zergling x6  
  178  14:40  Drone x4  
  182  14:47  Spore Crawler, Overseer  
  182  14:50  Overseer  
  182  14:52  Roach x3  
  187  14:57  Zerg Melee Weapons Level 2  
  187  15:03  Baneling x4  
  187  15:16  Zergling x22  
  190  15:34  Zergling x26  
  165  15:39  Zergling x2  
  165  15:40  Zergling x6  
  169  15:46  Zerg Ground Armor Level 2  
  163  16:00  Infestor x3  
  163  16:01  Spine Crawler  
  163  16:04  Zergling x6  
  169  16:08  Baneling x9  
  169  16:09  Baneling, Hatchery  
  162  16:14  Overseer  
  161  16:27  Zergling x28  
  161  16:31  Drone x5  
  163  16:40  Zergling x2  
  163  16:41  Zergling x14  
  163  16:43  Zergling x6  
  163  16:44  Zergling x2  
  174  16:51  Zergling x8  
  178  16:55  Baneling x20  
  174  17:02  Zergling x12  
  174  17:22  Zergling x26  
  185  17:27  Overseer  
  185  17:31  Spine Crawler  
  185  17:35  Spine Crawler  
  185  17:36  Spine Crawler  
  182  17:37  Drone x3  
  185  17:48  Zergling x6  
  185  17:49  Zergling x14  
  174  18:08  Zergling x20  
  139  18:14  Roach x3  
  144  18:21  Ravager x3  
  144  18:22  Ravager, Infestor x2  
  144  18:23  Infestor x2  
  156  18:29  Zergling x10  
  156  18:32  Baneling x9  
  156  18:33  Baneling  
  161  18:39  Zergling x10  
  166  18:45  Ravager x3  
  169  18:53  Zergling x2  
  169  18:54  Zergling x10